 Dungeon Crawl Stone Soup version 0.29-a0-72-g1732ff48e7 (webtiles) character file.

Game seed: 1476562902084415092

2312 SmokeWeed the Covert (level 9, -4/58 HPs)
             Began as an Octopode Brigand on Feb 4, 2022.
             Was a Follower of Dithmenos.
             Slain by a killer bee (6 damage)
             ... on level 7 of the Dungeon.
             The game lasted 00:27:35 (8261 turns).

SmokeWeed the Covert (Octopode Brigand)             Turns: 8261, Time: 00:27:36

Health: -4/58      AC:  1    Str: 10    XL:     9   Next: 41%
Magic:  13/13      EV: 14    Int: 17    God:    Dithmenos [*.....]
Gold:   267        SH:  0    Dex: 14    Spells: 1/14 levels left

rFire   . . .      SeeInvis .   a - +3 dagger
rCold   . . .      Faith    .   (no shield)
rNeg    + . .      Spirit   .   (helmet restricted)
rPois   .          Reflect  .   (no amulet)
rElec   .          Harm     .   f - ring of resist corrosion
rCorr   +          Rampage  .   j - ring of positive energy
Will    .....                   (no ring)
Stlth   +++++++...              (no ring)
HPRegen 0.19/turn               (no ring)
MPRegen 0.13/turn               (no ring)
                                (no ring)
                                (no ring)

@: lethally poisoned (-4 -> -6), wreathed by umbra
A: almost no armour, amphibious, 8 rings, camouflage 1, gelatinous body 1,
(nimble swimmer 1), tentacles
a: Renounce Religion


You were on level 7 of the Dungeon.
You worshipped Dithmenos.
Dithmenos was aware of your devotion.
You visited 2 branches of the dungeon, and saw 9 of its levels.

You collected 310 gold pieces.
You spent 43 gold pieces at shops.

Inventory:

Hand Weapons
 a - a +3 dagger (weapon)
 b - a +0 falchion
 k - a +0 hunting sling
 o - a +0 morningstar
 r - a +1 hand axe of electrocution
 w - a +0 vorpal flail
 y - a +0 shortbow
Missiles
 c - 8 poisoned darts
 l - 212 stones
 s - 6 curare-tipped darts (quivered)
 z - 22 arrows
Jewellery
 f - a ring of resist corrosion (left tentacle)
 j - a ring of positive energy (right tentacle)
Wands
 p - a wand of flame (6)
Scrolls
 h - 2 scrolls of amnesia
 m - a scroll of magic mapping
 x - a scroll of silence
Potions
 d - 4 potions of flight
 e - 3 potions of curing
 g - a potion of might {unknown}
 n - 3 potions of brilliance {unknown}
 q - a potion of degeneration {unknown}
 t - a potion of cancellation {unknown}
 u - a potion of lignification {unknown}
 v - a potion of invisibility {unknown}
 A - a potion of heal wounds {unknown}


   Skills:
 + Level 3.9 Fighting
 - Level 4.3 Short Blades
 + Level 2.1 Maces & Flails
 + Level 5.4 Throwing
 * Level 3.0 Dodging
 + Level 10.9 Stealth
 * Level 3.0 Spellcasting
 + Level 3.1 Hexes
 * Level 0.7 Ice Magic
 * Level 0.7 Air Magic
 * Level 1.0 Poison Magic
 + Level 2.7 Evocations


You had one spell level left.
You knew the following spells:

 Your Spells              Type           Power      Damage    Failure   Level
a - Cause Fear            Hex            6%         N/A       43%         4
b - Ensorcelled Hibernat  Hex/Ice        18%        N/A       12%         2
c - Swiftness             Air            4%         N/A       36%         3
d - Olgreb's Toxic Radia  Pois           6%         N/A       75%         4

Your spell library contained the following spells:

 Spells                   Type           Power      Damage    Failure   Level
 Sting                    Tmut/Pois      16%        1d3       14%         1
 Poisonous Vapours        Pois/Air       10%        N/A       19%         2
 Passwall                 Tmut/Erth      1%         N/A       26%         2
 Dazzling Flash           Conj/Hex       14%        N/A       28%         3
 Portal Projectile        Hex/Tloc       14%        N/A       28%         3
 Ignite Poison            Fire/Tmut/Pois 3%         N/A       41%         3
 Call Canine Familiar     Summ           2%         N/A       45%         3
 Conjure Flame            Conj/Fire      2%         6-21      45%         3
 Leda's Liquefaction      Hex/Erth       3%         N/A       67%         4
 Animate Dead             Necr           1%         N/A       86%         4
 Sticky Flame             Conj/Fire      2%         2d3       86%         4
 Silence                  Hex/Air        4%         N/A       91%         5
 Agony                    Necr           2%         N/A       99%         5
 Borgnjor's Vile Clutch   Necr/Erth      1%         N/A       99%         5
 Death Channel            Necr           1%         N/A       100%        6
 Dragon Form              Tmut           1%         N/A       100%        7
 Dragon's Call            Summ           1%         N/A       100%        9


Dungeon Overview and Level Annotations

Branches:
Dungeon (8/15)             Temple (1/1) D:5
   Lair: D:8-11

Altars:
Cheibriados
Dithmenos
Kikubaaqudgha
Makhleb
Okawaru
Ru
Trog
Uskayaw
Wu Jian
Xom
Zin
The Shining One

Shops:
D:5 ***


Innate Abilities, Weirdness & Mutations

You cannot wear most types of armour.
You are amphibious.
You can wear up to eight rings at the same time.
Your skin changes colour to match your surroundings (Stealth+).
Your rubbery body absorbs attacks. (AC +1, EV +1)
((You are camouflaged when in or above water. (Stealth+)))
You have tentacles for arms and can constrict up to eight enemies at once.


Message History

There is a stone staircase leading down here.
You feel sick. The killer bee stings you! The killer bee misses you.
You feel sick. The killer bee barely misses you. x2
You feel sick. The killer bee stings you!
There is an open door here.
Blink to where?
Press: ? - help, Dir - move target
As you read the scroll of blinking, it crumbles to dust.
You feel sick.
You feel sick.
Okay, then.
You feel sick.
You feel sick.
You are no longer poisoned.
The killer bee misses you. The killer bee stings you!
The killer bee barely misses you. The killer bee closely misses you.
The killer bee stings you!
* * * LOW HITPOINT WARNING * * *
The killer bee stings you but does no damage.
The killer bee stings you.
* * * LOW HITPOINT WARNING * * *
The killer bee barely misses you. x2; The killer bee misses you.
Blink to where?
Press: ? - help, Dir - move target
As you read the scroll of blinking, it crumbles to dust.
The killer bee barely misses you. The killer bee stings you.
* * * LOW HITPOINT WARNING * * *
You are poisoned.
The killer bee poisons you! The killer bee barely misses you. x2
* * * LOW HITPOINT WARNING * * *
You feel sick. The killer bee misses you. The killer bee stings you.
* * * LOW HITPOINT WARNING * * *
There is an open door here.
* * * LOW HITPOINT WARNING * * *
You feel sick.
* * * LOW HITPOINT WARNING * * *
You feel sick. The killer bee barely misses you. The killer bee stings you.
You die...

....#...'..<..#
....#...####'##
....#...##....#
....######....#
.........#....######
####.....#....##...#
#.....#.....#...#
#.....#.....#...#
#.....#.....#@..#
#....y#.....#yy.#
#.....#######'####
######...........#
#...........#
#...........#
#...........#
#...........#
#......######


You could see 2 killer bees.

Vanquished Creatures
  A sky beast (D:7)
  A hornet zombie (D:5)
  An orc warrior (D:7)
  2 necrophages
  4 ogres
  2 centaurs
  3 phantoms
  3 bullfrogs (D:7)
  4 scorpions
  A wyvern skeleton (D:5)
  A water moccasin skeleton (D:5)
  2 jellies (D:4)
  2 orc priests (D:6)
  2 centaur skeletons (D:7)
  An iguana (D:6)
  6 orc wizards
  A hound skeleton (D:5)
  4 gnolls (D:4)
  8 adders
  3 adder skeletons
  A worm (D:2)
  A dart slug (D:1)
  31 orcs
  6 endoplasms
  3 giant cockroaches
  6 goblins
  2 hobgoblins (D:1)
  4 jackals (D:1)
  3 kobolds
  8 quokkas
  4 ball pythons
  A bat (D:1)
  3 frilled lizards
  4 rats
129 creatures vanquished.

Notes
Turn   | Place    | Note
-------+----------+-------------------------------------------
     0 | D:1      | SmokeWeed the Octopode Brigand began the quest for the Orb.
     0 | D:1      | Reached XP level 1. HP: 14/14 MP: 1/1
   206 | D:1      | Reached XP level 2. HP: 19/19 MP: 2/2
   209 | D:1      | Reached skill level 6 in Stealth
   237 | D:1      | Found a faded altar of an unknown god.
   543 | D:1      | Reached XP level 3. HP: 23/24 MP: 3/3
  1360 | D:2      | Reached skill level 7 in Stealth
  1463 | D:2      | Reached XP level 4. HP: 29/29 MP: 4/4
  1598 | D:2      | Found a bloodstained altar of Trog.
  2102 | D:3      | Found a shimmering altar of Xom.
  2126 | D:3      | Found a glowing silver altar of Zin.
  2508 | D:3      | Reached XP level 5. HP: 32/34 MP: 5/5
  2623 | D:3      | Reached skill level 8 in Stealth
  2969 | D:3      | Noticed a phantom
  2985 | D:3      | Killed a phantom
  2986 | D:3      | Reached XP level 6. HP: 3/39 MP: 6/6
  3681 | D:4      | Noticed a necrophage
  3694 | D:4      | Killed a necrophage
  3695 | D:4      | Reached skill level 9 in Stealth
  4141 | D:4      | Reached XP level 7. HP: 45/45 MP: 7/7
  4253 | D:4      | Identified the +4 robe of Gerakk {rPois rF- Slay+2}
  4797 | D:5      | Entered Level 5 of the Dungeon
  4815 | D:5      | Learned a level 4 spell: Cause Fear
  5344 | D:5      | Reached skill level 1 in Hexes
  5344 | D:5      | Reached XP level 8. HP: 26/52 MP: 7/9
  5461 | D:5      | Reached skill level 1 in Spellcasting
  5729 | D:5      | Reached skill level 1 in Evocations
  5737 | D:5      | Found Cotife's General Store.
  5966 | D:5      | Found Jasiy's General Store.
  5967 | D:5      | Found Kuqemp's Specific Store.
  5978 | D:5      | Bought 6 curare-tipped darts for 43 gold pieces
  6135 | D:5      | Found a staircase to the Ecumenical Temple.
  6145 | Temple   | Entered the Ecumenical Temple
  6187 | Temple   | Became a worshipper of Dithmenos the Shadowed
  6605 | D:6      | Reached skill level 1 in Maces & Flails
  7075 | D:6      | Reached skill level 5 in Throwing
  7083 | D:6      | Reached * piety under Dithmenos
  7084 | D:6      | Reached skill level 10 in Stealth
  7112 | D:6      | Found a bloodstained altar of Trog.
  7420 | D:7      | Reached XP level 9. HP: 58/58 MP: 12/12
  7431 | D:7      | Learned a level 2 spell: Ensorcelled Hibernation
  7643 | D:7      | Learned a level 3 spell: Swiftness
  7648 | D:7      | Learned a level 4 spell: Olgreb's Toxic Radiance
  8152 | D:7      | Reached skill level 1 in Poison Magic
  8261 | D:7      | HP: 2/58 [poisoned by a killer bee]
  8261 | D:7      | Slain by a killer bee

Illustrated notes

Levels and vault maps discovered:
D:1:      dpeg_arrival_arbitrary_b, layout_basic,
          shapermc_ecumenical_altar_notcrosses
D:2:      layout_rooms, basic_altar
D:3:      layout_basic, xom_teletrap_fun, lemuel_doored_altar
D:4:      layout_basic
D:5:      layout_rooms, temple_hall, serial_shops, shop,
          chequers_serial_rivers_room_a, nicolae_specific_store
D:6:      layout_basic, mainiacjoe_overflow_alcove_4
D:7:      layout_gridville
D:8:      layout_gridville, mainiacjoe_overflow_alcove_2, led_sif_book,
          nicolae_yredelemnul_corpse_copse, nemelex_spade_bored_becter,
          special_room [special_room_kobold], sigmund_army
Temple:   kb_temple_of_zot

Skill      XL: |  1  2  3  4  5  6  7  8  9 |
---------------+----------------------------+-----
Stealth        | 6 7 8 9 10 | 10.9
Throwing       | 3 4 5 |  5.4
Short Blades   | 3 4 |  4.3
Fighting       | 3 |  3.9
Dodging        | 2 3 |  3.0
Hexes          | 1 2 3 |  3.1
Spellcasting   | 2 3 |  3.0
Evocations     | 2 |  2.7
Maces & Flails | 2 |  2.1
Poison Magic   | 1 |  1.0
Ice Magic      | |  0.7
Air Magic      | |  0.7

Action                   |  1- 3 |  4- 6 |  7- 9 || total
-------------------------+-------+-------+-------++-------
Melee: Dagger            |    44 |    89 |   121 ||   254
       Constrict         |     9 |    14 |    13 ||    36
       Tentacles         |     8 |    18 |    24 ||    50
       Punch             |       |       |     1 ||     1
Throw: Dart              |     5 |    41 |    24 ||    70
       Stone             |       |     9 |     5 ||    14
Evoke: Wand              |       |       |    22 ||    22
  Use: Scroll            |     2 |     3 |     8 ||    13
 Stab: Sleeping          |    24 |     5 |    25 ||    54
Armor: Skin              |       |     2 |     6 ||     8
Dodge: Dodged            |     9 |    32 |    78 ||   119

Table legend: (Time is in decaauts)
 A = Elapsed time spent in this place.
 B = Non-inter-level travel time spent in this place.
 C = Inter-level travel time spent in this place.
 D = Time resting spent in this place.
 E = Time spent auto-exploring this place.
 F = Levels seen in this place.
 G = Mean time per level.
                   A        B        C        D        E       F      G
               +--------+--------+--------+--------+--------+-----+--------+
         Total |   8207 |   7901 |    306 |   1756 |   4189 |   9 |  911.9 |
       Dungeon |   8132 |   7826 |    306 |   1756 |   4157 |   8 | 1016.5 |
        Temple |     74 |     74 |      0 |      0 |     32 |   1 |   74.0 |
               +--------+--------+--------+--------+--------+-----+--------+

Top non-repeatable levels by time:
     D:1: 1561 daAuts
     D:4: 1545 daAuts
     D:3: 1348 daAuts
     D:5: 1196 daAuts
     D:6: 1060 daAuts
     D:7: 902 daAuts
     D:2: 511 daAuts
  Temple: 74 daAuts
     D:8: 5 daAuts
